 Dungeon Crawl Stone Soup version 0.28-a0-1002-gf00fe891ef (console) character file.

Game seed: 3538071717938929009

5359 petzl the Destroyer (level 10, -1/73 HPs)
             Began as an Octopode Arcane Marksman on Dec 6, 2021.
             Was a Believer of Vehumet.
             Slain by a yak (15 damage)
             ... on level 9 of the Dungeon.
             The game lasted 01:01:24 (12587 turns).

petzl the Destroyer (Octopode Arcane Marksman)     Turns: 12587, Time: 01:01:25

Health: -1/73      AC:  3    Str: 11    XL:     10   Next: 65%
Magic:  17/19      EV: 14    Int: 19    God:    Vehumet [**....]
Gold:   344        SH:  0    Dex: 18    Spells: 12/22 levels left

rFire   . . .      SeeInvis .   q - +1 demon whip (venom)
rCold   + . .      Faith    .   (no shield)
rNeg    . . .      Spirit   .   G - +2 hat
rPois   .          Reflect  .   L - amulet of magic regeneration
rElec   .          Harm     .   j - +6 ring of dexterity
rCorr   .          Rampage  .   E - ring of protection from cold
Will    .....                   (no ring)
Stlth   ++++......              (no ring)
HPRegen 0.22/turn               (no ring)
MPRegen 0.56/turn               (no ring)
                                (no ring)
                                (no ring)

@: no status effects
A: almost no armour, amphibious, 8 rings, camouflage 1, gelatinous body 1,
(nimble swimmer 1), tentacles, tentacle spike 1, robust 1
a: Renounce Religion


You were on level 9 of the Dungeon.
You worshipped Vehumet.
Vehumet was pleased with you.
You visited 2 branches of the dungeon, and saw 10 of its levels.

You collected 605 gold pieces.
You spent 261 gold pieces at shops.

Inventory:

Hand Weapons
 a - the +4 rapier of Pestilence {speed, Will+}
   (You bought it in a shop on level 7 of the Dungeon)

   Attacks with this weapon are significantly faster.
   Will:      It increases your willpower.
 b - a +2 hand crossbow of chaos
 i - a +1 dagger of speed {!f =f}
 l - a +0 flail of holy wrath
 q - a +1 demon whip of venom (weapon)
 w - a +5 flail of freezing
 B - a +2 dire flail of protection
 F - a +4 falchion of freezing
 H - a +1 vampiric short sword
 I - a +1 trident of venom
Missiles
 c - 28 bolts
 n - 43 poisoned darts (quivered)
 t - 2 throwing nets
 M - 2 curare-tipped darts {!*}
Armour
 G - a +2 hat (worn)
Magical Staves
 g - a staff of poison
 K - a staff of fire
Jewellery
 j - a +6 ring of dexterity (left tentacle)
 E - a ring of protection from cold (right tentacle)
 L - an amulet of magic regeneration (around mantle)
Wands
 h - a wand of mindburst (7)
 o - a wand of iceblast (4)
 J - a wand of acid (6)
 O - a wand of charming (4)
Scrolls
 d - 4 scrolls of teleportation
 m - a scroll of summoning
 u - 2 scrolls of immolation
 y - 3 scrolls of silence {unknown}
 z - 2 scrolls of vulnerability
 A - a scroll of amnesia
 D - a scroll of magic mapping
Potions
 e - a potion of attraction {unknown}
 f - 2 potions of flight
 k - 2 potions of mutation
 p - 2 potions of heal wounds {unknown}
 r - 6 potions of curing
 s - 2 potions of lignification
 v - a potion of resistance {unknown}
 x - a potion of ambrosia {unknown}
 C - a potion of brilliance {unknown}
 N - a potion of might {unknown}


   Skills:
 + Level 5.6 Fighting
 - Level 3.0 Crossbows
 - Level 1.0 Throwing
 - Level 3.0 Dodging
 - Level 3.6 Stealth
 + Level 6.6 Spellcasting
 + Level 9.8 Conjurations
 - Level 3.0 Hexes
 * Level 2.0 Ice Magic
 + Level 5.0 Earth Magic
 - Level 1.2 Poison Magic
 + Level 2.5 Evocations


You had 12 spell levels left.
You knew the following spells:

 Your Spells              Type           Power      Damage    Failure   Level
a - Slow                  Hex            68%        N/A       3%          1
b - Stone Arrow           Conj/Erth      68%        3d11      1%          3
c - Dazzling Flash        Conj/Hex       60%        N/A       2%          3
d - Ozocubu's Armour      Ice            14%        N/A       14%         3

Your spell library contained the following spells:

 Spells                   Type           Power      Damage    Failure   Level
 Searing Ray              Conj           86%        2d7       1%          2
 Sandblast                Erth           50%        2d12      1%          1
 Passwall                 Tmut/Erth      12%        N/A       5%          2
 Iskenderun's Mystic Bla  Conj/Tloc      24%        2d7       14%         4
 Inner Flame              Hex/Fire       12%        N/A       17%         3
 Portal Projectile        Hex/Tloc       24%        N/A       17%         3
 Cause Fear               Hex            8%         N/A       30%         4
 Summon Lightning Spire   Summ/Air       6%         N/A       71%         4
 Metabolic Englaciation   Hex/Ice        7%         N/A       71%         5
 Starburst                Conj/Fire      12%        6d5       91%         6
 Statue Form              Tmut/Erth      10%        N/A       99%         6
 Simulacrum               Ice/Necr       5%         N/A       100%        6
 Storm Form               Tmut/Air       3%         N/A       100%        7
 Lehudib's Crystal Spear  Conj/Erth      17%        10d5      100%        8
 Maxwell's Capacitive Co  Air            3%         ∞         100%        8


Dungeon Overview and Level Annotations

Branches:
Dungeon (9/15)             Temple (1/1) D:7
   Lair: D:8-11         Orc: D:9-12

Altars:
Okawaru
Ru
Vehumet
Zin

Shops:
D:7 (

Annotations:
D:5 exclusions: 2 downstairs and upstairs, Duvessa
D:6 exclusion: downstairs
D:8 exclusions: 2 basilisks, elephant and yak


Innate Abilities, Weirdness & Mutations

You cannot wear most types of armour.
You are amphibious.
You can wear up to eight rings at the same time.
Your skin changes colour to match your surroundings (Stealth+).
Your rubbery body absorbs attacks. (AC +1, EV +1)
((You are camouflaged near water. (Stealth+)))
You have tentacles for arms and can constrict up to eight enemies at once.
One of your tentacles bears a spike.
You are robust. (+10% HP)


Message History

Press: ? - help, Dir - look around, f - activate The yak is dazzled. x2
You hit the yak but do no damage.
The yak is poisoned.
You pierce the yak.
You squeeze the yak.
You kill the yak!
Vehumet accepts your kill.
You feel your power returning.
Your Ice Magic skill increases to level 2!
Your Earth Magic skill increases to level 5!
Unknown command.
You hit the yak.
The yak is poisoned.
The yak bellows!
You pierce the yak.
The yak is lightly wounded.
The yak gores you.
You hit the yak.
The yak looks as sick as possible!
You squeeze the yak!
The yak is moderately wounded.
The yak gores you! The yak closely misses you.
Unknown command.
Casting: Dazzling Flash (mildly dangerous; 2% risk of failure)
Confirm with . or Enter, or press ? or * to list all spells.
Casting: Dazzling Flash (mildly dangerous; 2% risk of failure)
Press: ? - help, Dir - look around, f - activate The yak is dazzled.
The yak gores you! The yak misses you.
Unknown command.
You hit the yak.
The yak is poisoned.
You squeeze the yak!
The yak is heavily wounded.
The yak barely misses you.
You barely miss the yak.
You pierce the yak.
You squeeze the yak, but do no damage.
The yak is heavily wounded.
The yak is no longer blind.
The yak completely misses you.
Casting: Dazzling Flash (mildly dangerous; 2% risk of failure)
Confirm with . or Enter, or press ? or * to list all spells.
Casting: Dazzling Flash (mildly dangerous; 2% risk of failure)
Press: ? - help, Dir - look around, f - activate The yak is dazzled.
The yak gores you!
* * * LOW HITPOINT WARNING * * *
You completely miss the yak.
You pierce the yak.
Your squeeze misses the yak.
The yak is severely wounded.
The yak gores you!
You die...

############### ##### #.......##....##
##...# #.......##.....##########
###....# #...........<...........#####
#......#
######.##.....###.....#...#.####.##...#
# #.....##..##.....###.....##.###.####
#####......#..[..#####.#.........##.
####........>.<# #......###.....
###.#.>)....#....######......
#...#.#........#####...##..
##########..).#................#..
#.....# ##.......................
#.....####.....................##.
#.................................
#.........#....................#..
#.......................##.##.##..
#.....#..#.................##.##.#
#######..@..#....#....).##..#.##.#
#...#Y....#.....#..##....##.#
##.####.#....#......##....####
#..Y.....#...##........)..#...
###†#......###......).......#...
#...#..)...# #.......)......#...
#.###...............##'######... ####.#
#......#####....#........... #....#
#......# #....#........... #.####
#......# #....#..........( #†# #......#
#....#...######## #.# #....#..)# #.#
#..)# #......... #)..# #####.....
#...##### Y... #.).)...# ... #.......#
Y. #.......# Y #####...#


You could see a yak (blind, very poisoned).

Vanquished Creatures
  A two-headed ogre (D:9)
  Psyche (D:9)
  A gargoyle (D:9)
  Joseph (D:7)
  A troll (D:6)
  A shadow (D:8)
  3 yaks (D:9)
  3 black bears
  2 ogres
  3 necrophages
  3 centaurs
  2 kobold brigands
  Blork the orc (D:5)
  5 bullfrogs
  A gnoll sergeant (D:9)
  A scorpion (D:6)
  A water moccasin zombie (D:5)
  A wyvern skeleton (D:7)
  Dowan (D:5)
  10 wights
  3 howler monkeys
  A bullfrog zombie (D:4)
  A centaur zombie (D:4)
  3 hounds
  A bullfrog skeleton (D:5)
  An orc priest (D:9)
  2 jellies
  2 centaur skeletons
  2 iguanas
  2 orc wizards
  3 killer bee zombies
  A hound zombie (D:5)
  A hound skeleton (D:5)
  A howler monkey zombie (D:9)
  9 gnolls
  A howler monkey skeleton (D:6)
  7 adders
  3 shadow imps (D:6)
  2 white imps
  A worm (D:2)
  2 dart slugs (D:4)
  14 orcs
  4 ball pythons
  8 endoplasms
  4 giant cockroaches
  6 goblins
  12 hobgoblins
  23 kobolds
  3 quokkas
  4 bats
  6 frilled lizards
  3 rats
  A spectral kobold (D:3)
180 creatures vanquished.

Notes
Turn   | Place    | Note
-------+----------+-------------------------------------------
     0 | D:1      | petzl the Octopode Arcane Marksman began the quest for the
                  | Orb.
     0 | D:1      | Reached XP level 1. HP: 13/13 MP: 2/2
   382 | D:1      | Reached XP level 2. HP: 18/18 MP: 3/3
   449 | D:1      | Reached skill level 1 in Stealth
  1032 | D:1      | Got Sif Muna's Guide on Stones
  1235 | D:1      | Reached XP level 3. HP: 18/23 MP: 5/5
  2363 | D:3      | Reached XP level 4. HP: 29/29 MP: 6/6
  2439 | D:3      | Learned a level 3 spell: Stone Arrow
  2726 | D:3      | Found a faded altar of an unknown god.
  2930 | D:3      | Reached XP level 5. HP: 9/34 MP: 5/7
  3673 | D:4      | Reached skill level 1 in Conjurations
  3673 | D:4      | Reached skill level 1 in Earth Magic
  3833 | D:4      | Reached skill level 1 in Evocations
  3960 | D:4      | Found an iron altar of Okawaru.
  3963 | D:4      | Found a sacrificial altar of Ru.
  3986 | D:4      | Found a radiant altar of Vehumet.
  3990 | D:4      | Found a glowing silver altar of Zin.
  4012 | D:4      | Reached XP level 6. HP: 40/40 MP: 7/9
  4443 | D:4      | Noticed a black bear
  4496 | D:5      | Entered Level 5 of the Dungeon
  4571 | D:5      | Noticed Blork the orc
  4590 | D:5      | Learned a level 3 spell: Dazzling Flash
  4595 | D:5      | Noticed a necrophage
  4666 | D:5      | Reached skill level 2 in Conjurations
  4913 | D:4      | Reached XP level 7. HP: 42/45 MP: 5/10
  5119 | D:5      | Reached skill level 1 in Poison Magic
  5250 | D:5      | Noticed Dowan
  5355 | D:5      | HP: 1/45 [acid (11)]
  5782 | D:5      | Reached skill level 1 in Throwing
  6199 | D:5      | Reached skill level 3 in Conjurations
  6387 | D:4      | Became a worshipper of Vehumet
  6508 | D:5      | Noticed Duvessa
  6792 | D:7      | Noticed Joseph
  6820 | D:6      | Reached skill level 4 in Conjurations
  6820 | D:6      | Reached XP level 8. HP: 51/51 MP: 5/12
  7496 | D:6      | Identified the +1 ring mail of the Bull {Will+ Stlth+}
  7610 | D:6      | Reached skill level 5 in Conjurations
  7811 | D:6      | Noticed a troll
  7813 | D:6      | Reached skill level 6 in Conjurations
  8051 | D:5      | Killed Blork the orc
  8052 | D:5      | Reached skill level 7 in Conjurations
  8052 | D:5      | Reached XP level 9. HP: 44/55 MP: 10/16
  8118 | D:5      | Killed Dowan
  8385 | D:6      | Reached skill level 5 in Spellcasting
  8600 | D:6      | Killed a troll
  8950 | D:6      | Reached * piety under Vehumet
  8950 | D:6      | Offered knowledge of Freeze by Vehumet.
  9235 | D:6      | Reached skill level 8 in Conjurations
  9335 | D:7      | Killed Joseph
  9449 | D:7      | Identified the +2 robe of the Grue {rC++ Str+2}
  9462 | D:7      | Found Suhudeam's Antique Weapon Shoppe.
  9468 | D:7      | Bought a scorched rapier for 261 gold pieces
  9468 | D:7      | Identified the +4 rapier of Pestilence {speed, Will+} (You
                  | bought it in a shop on level 7 of the Dungeon)
  9854 | D:7      | Found a staircase to the Ecumenical Temple.
  9859 | Temple   | Entered the Ecumenical Temple
 10255 | D:8      | Noticed an elephant
 11285 | D:9      | Noticed Psyche
 11463 | D:9      | Reached XP level 10. HP: 61/65 MP: 10/19
 11473 | D:9      | Reached skill level 9 in Conjurations
 11480 | D:9      | Noticed a gargoyle
 11738 | D:9      | Reached skill level 5 in Fighting
 11746 | D:9      | Noticed a two-headed ogre
 11755 | D:9      | Gained mutation: One of your tentacles bears a spike.
                  | [potion of mutation]
 11755 | D:9      | Gained mutation: You possess an exceptional clarity of
                  | mind. [potion of mutation]
 11755 | D:9      | Lost mutation: You possess an exceptional clarity of mind.
                  | [potion of mutation]
 11755 | D:9      | Gained mutation: You are robust. (+10% HP) [potion of
                  | mutation]
 11760 | D:9      | Killed a gargoyle
 11768 | D:9      | Killed a two-headed ogre
 12053 | D:9      | Learned a level 3 spell: Ozocubu's Armour
 12105 | D:9      | Offered knowledge of Searing Ray by Vehumet.
 12106 | D:9      | Reached ** piety under Vehumet
 12281 | D:9      | Killed Psyche
 12282 | D:9      | Reached skill level 1 in Ice Magic
 12575 | D:9      | Reached skill level 5 in Earth Magic
 12587 | D:9      | Slain by a yak

Illustrated notes

Levels and vault maps discovered:
D:1:      amcnicky_arrival_choice, layout_basic, chequers_serial_rivers_large_b
D:2:      layout_basic
D:3:      layout_basic, dreamdust_ecumenical_altar_drowned_temple
D:4:      layout_basic, nicolae_overflow_hidden_temple
D:5:      layout_cave_pools, uniq_blork_the_orc, uniq_duvessa
D:6:      layout_cave_pools, grunt_potential
D:7:      layout_basic, temple_doors_cd, serial_shops, shop_fountains,
          uniq_joseph
D:8:      layout_basic, david_lair_generic
D:9:      kennysheep_blocky_hall, layout_rooms, uniq_psyche
Temple:   mainiacjoe_temple_coin_purse

Skill      XL: |  1  2  3  4  5  6  7  8  9 10 |
---------------+-------------------------------+-----
Stealth        | 1 2 3 |  3.6
Fighting       | 2 4 5 |  5.6
Conjurations   | 1 2 4 7 8 9 |  9.8
Earth Magic    | 1 2 3 5 |  5.0
Spellcasting   | 2 3 4 6 |  6.6
Evocations     | 1 2 |  2.5
Crossbows      | 3 |  3.0
Dodging        | 3 |  3.0
Poison Magic   | 1 |  1.2
Throwing       | 1 |  1.0
Ice Magic      | 2 |  2.0
Hexes          | |  3.0

Action                   |  1- 3 |  4- 6 |  7- 9 | 10-12 || total
-------------------------+-------+-------+-------+-------++-------
Melee: Dagger            |    14 |       |       |       ||    14
       Constrict         |     7 |    14 |    17 |     1 ||    39
       Tentacles         |     4 |    16 |    11 |    10 ||    41
       Short sword       |     9 |    95 |    53 |       ||   157
       Rapier            |       |       |    20 |     6 ||    26
       Demon whip        |       |       |       |    18 ||    18
       Kick              |       |       |       |     9 ||     9
 Fire: Hand crossbow     |    79 |    35 |    88 |    26 ||   228
Throw: Dart              |       |       |     4 |       ||     4
 Cast: Slow              |     2 |    33 |    82 |    11 ||   128
       Stone Arrow       |       |       |    59 |    20 ||    79
       Dazzling Flash    |       |       |     1 |     4 ||     5
Evoke: Wand              |       |       |    18 |     4 ||    22
  Use: Scroll            |       |     7 |     9 |     2 ||    18
       Potion            |       |     1 |       |     3 ||     4
 Stab: Sleeping          |     2 |     3 |     1 |     1 ||     7
       Invisible         |       |       |       |     1 ||     1
Armor: Skin              |     4 |    11 |     5 |     3 ||    23
Dodge: Dodged            |    37 |    85 |    77 |    20 ||   219

Table legend: (Time is in decaauts)
 A = Elapsed time spent in this place.
 B = Non-inter-level travel time spent in this place.
 C = Inter-level travel time spent in this place.
 D = Time resting spent in this place.
 E = Time spent auto-exploring this place.
 F = Levels seen in this place.
 G = Mean time per level.
                   A        B        C        D        E       F      G
               +--------+--------+--------+--------+--------+-----+--------+
         Total |  12673 |  11912 |    761 |   4225 |   4262 |  10 | 1267.3 |
       Dungeon |  12671 |  11910 |    761 |   4225 |   4262 |   9 | 1407.9 |
        Temple |      1 |      1 |      0 |      0 |      0 |   1 |    1.0 |
               +--------+--------+--------+--------+--------+-----+--------+

Top non-repeatable levels by time:
     D:4: 2095 daAuts
     D:6: 1935 daAuts
     D:5: 1804 daAuts
     D:1: 1594 daAuts
     D:8: 1432 daAuts
     D:3: 1131 daAuts
     D:9: 1038 daAuts
     D:7: 848 daAuts
     D:2: 792 daAuts
  Temple: 1 daAuts
